 Dungeon Crawl Stone Soup version 0.29.1-2-gbd0b4ee654 (webtiles) character file.

Game seed: 719902752090475196

18617 raistware the Destroyer (level 12, -10/70 HPs)
             Began as an Octopode Conjurer on Oct 24, 2022.
             Was a Believer of Vehumet.
             Mangled by an ironbound frostheart (32 damage)
             ... in an ice cave.
             The game lasted 00:54:23 (17776 turns).

raistware the Destroyer (Octopode Conjurer)        Turns: 17776, Time: 00:54:24

Health: -10/70     AC:  1    Str: 19    XL:     12   Next: 60%
Magic:  7/25       EV: 17    Int: 25    God:    Vehumet [**....]
Gold:   888        SH:  0    Dex: 10    Spells: 13/29 levels left

rFire   . . .      SeeInvis +   H - +4 trident (protect)
rCold   . . .      Faith    .   (no shield)
rNeg    . . .      Spirit   .   n - +0 hat
rPois   .          Reflect  .   A - amulet of the acrobat
rElec   .          Harm     .   b - ring of see invisible
rCorr   .          Rampage  .   h - +6 ring of strength
Will    .....                   t - +6 ring of strength
Stlth   +++.......              x - +4 ring of evasion
HPRegen 0.21/turn               (no ring)
MPRegen 0.19/turn               (no ring)
                                (no ring)
                                (no ring)

@: no status effects
A: almost no armour, amphibious, 8 rings, camouflage 1, gelatinous body 1,
(nimble swimmer 1), tentacles
a: Renounce Religion


You were in an ice cave.
You worshipped Vehumet.
Vehumet was pleased with you.
You visited 2 branches of the dungeon, and saw 12 of its levels.
You also visited: Ice Cave.

You collected 1096 gold pieces.
You spent 208 gold pieces at shops.

Inventory:

Hand Weapons
 H - a +4 trident of protection (weapon)
Missiles
 y - 3 silver javelins
Armour
 n - a +0 hat (worn)
 r - an orb of light
Magical Staves
 E - a staff of poison
Jewellery
 b - a ring of see invisible (left tentacle)
 h - a +6 ring of strength (right tentacle)
 t - a +6 ring of strength (on tentacle)
 x - a +4 ring of evasion (on tentacle)
 z - an amulet of regeneration
 A - an amulet of the acrobat (around mantle)
Wands
 I - a wand of polymorph (5)
 K - a wand of flame (4)
Scrolls
 c - 3 scrolls of immolation
 d - 3 scrolls of enchant weapon
 e - 3 scrolls of fear
 f - a scroll of poison
 i - 4 scrolls of teleportation
 j - 2 scrolls of amnesia
 k - 2 scrolls of silence
 m - a scroll of brand weapon
 q - a scroll of vulnerability
 s - 3 scrolls of noise
 D - a scroll of fog
 G - a scroll of enchant armour
 L - a scroll of summoning {unknown}
Potions
 a - 2 potions of ambrosia
 g - 2 potions of attraction
 l - a potion of cancellation
 o - 2 potions of heal wounds
 p - a potion of brilliance
 u - 3 potions of curing
 v - 2 potions of haste
 w - 2 potions of might
 B - 4 potions of flight
 C - a potion of mutation {unknown}
 F - 4 potions of lignification
 J - a potion of berserk rage
 M - a potion of magic


   Skills:
 - Level 2.0 Fighting
 - Level 2.0 Staves
 - Level 4.0 Dodging
 - Level 4.0 Stealth
 - Level 9.0 Spellcasting
 + Level 14.9 Conjurations
 - Level 2.0 Translocations
 + Level 9.0 Earth Magic
 - Level 2.0 Poison Magic
 - Level 2.0 Evocations


You had 13 spell levels left.
You knew the following spells:

 Your Spells              Type           Power      Damage    Failure   Level
a - Magic Dart            Conj           100%       1d8       0%          1
b - Iskenderun's Mystic   Conj/Tloc      52%        2d11      1%          4
c - Iron Shot             Conj/Erth      31%        9d6       6%          6
d - Olgreb's Toxic Radia  Pois           21%        N/A       24%         4
z - Apportation           Tloc           42%        N/A       2%          1

Your spell library contained the following spells:

 Spells                   Type           Power      Damage    Failure   Level
 Foxfire                  Conj/Fire      100%       2x1d9     1%          1
 Searing Ray              Conj           100%       2d8       1%          2
 Static Discharge         Conj/Air       48%        3-9/arc   1%          2
 Dazzling Flash           Conj/Hex       96%        N/A       1%          3
 Iskenderun's Battlesphe  Conj           72%        2d12      1%          5
 Fulminant Prism          Conj/Hex       24%        3d13      2%          4
 Sticky Flame             Conj/Fire      48%        2d7       2%          4
 Sting                    Tmut/Pois      64%        1d6       3%          1
 Poisonous Vapours        Pois/Air       32%        N/A       5%          2
 Lightning Bolt           Conj/Air       24%        1d39      7%          5
 Ensorcelled Hibernation  Hex/Ice        22%        N/A       9%          2
 Spider Form              Tmut/Pois      16%        N/A       11%         3
 Anguish                  Hex/Necr       5%         N/A       47%         4
 Animate Dead             Necr           11%        N/A       47%         4
 Dispel Undead            Necr           11%        3d9       47%         4
 Alistair's Intoxication  Tmut/Pois      10%        N/A       69%         5
 Spellforged Servitor     Conj/Summ      24%        N/A       91%         7
 Haunt                    Necr/Summ      5%         N/A       100%        7
 Infestation              Necr           5%         N/A       100%        8
 Maxwell's Capacitive Co  Air            5%         ∞         100%        8


Dungeon Overview and Level Annotations

Branches:
Dungeon (11/15)            Temple (1/1) D:5            Lair (0/5) D:10
  IceCv (1/1)
    Orc: D:9-12

Altars:
Ashenzari
Cheibriados
Dithmenos
Elyvilon
Fedhas
Gozag
Hepliaklqana
Kikubaaqudgha
Makhleb
Nemelex Xobeh
Okawaru
Qazlal
Ru
Sif Muna
Trog
Uskayaw
Vehumet
Wu Jian
Xom
Yredelemnul
Zin
The Shining One

Shops:
D:9 ?

Annotations:
D:6 3 runed translucent doors, t4s4d4r's ghost, novice TrIE


Innate Abilities, Weirdness & Mutations

You cannot wear most types of armour.
You are amphibious.
You can wear up to eight rings at the same time.
Your skin changes colour to match your surroundings (Stealth+).
Your rubbery body absorbs attacks. (AC +1, EV +1)
((You are camouflaged when in or above water. (Stealth+)))
You have tentacles for arms and can constrict up to eight enemies at once.


Message History

The iron shot hits the death yak!!!
The death yak is heavily wounded.
Unknown command.
Casting: Iron Shot (dangerous; 6% risk of failure)
Confirm with . or Enter, or press ? or * to list all spells.
Aiming: Iron Shot (dangerous; 6% risk of failure)
Press: ? - help, Shift-Dir - straight line, f/p - death yak
Aim: a death yak (heavily wounded, 91% to hit)
The iron shot hits the death yak!!!
You kill the death yak!
Vehumet accepts your kill.
Training target 9.0 for Spellcasting reached!
Your Spellcasting skill increases to level 9!
You start resting.
Magic restored.
You see here a +0 ring mail.
Casting: Iron Shot (dangerous; 6% risk of failure)
Confirm with . or Enter, or press ? or * to list all spells.
Aiming: Iron Shot (dangerous; 6% risk of failure)
Press: ? - help, Shift-Dir - straight line, f - ironbound frostheart
Aim: an ironbound frostheart, wearing a +0 ring mail (wandering, hasn't noticed you, 77% to hit)
The iron shot hits the ironbound frostheart!!
The ironbound frostheart is heavily wounded.
The ironbound frostheart shouts!
Casting: Iron Shot (dangerous; 6% risk of failure)
Confirm with . or Enter, or press ? or * to list all spells.
Aiming: Iron Shot (dangerous; 6% risk of failure)
Press: ? - help, Shift-Dir - straight line, f/p - ironbound frostheart
Aim: an ironbound frostheart, wearing a +0 ring mail (heavily wounded, 77% to hit)
The iron shot misses the ironbound frostheart.
The ironbound frostheart touches you. The ironbound frostheart freezes you!!
Unknown command.
Casting: Iron Shot (dangerous; 6% risk of failure)
Confirm with . or Enter, or press ? or * to list all spells.
Aiming: Iron Shot (dangerous; 6% risk of failure)
Press: ? - help, Shift-Dir - straight line, f/p - ironbound frostheart
Aim: an ironbound frostheart, wearing a +0 ring mail (heavily wounded, 77% to hit)
The iron shot misses the ironbound frostheart.
The ironbound frostheart touches you!! The ironbound frostheart freezes you!!
You die...

##...##.###
####...###≈≈≈#
#######....####≈≈≈###
#....#...###
#≈≈#≈≈≈## .##....###
######≈≈# ########
######.###[≈# .###
##}..#.#.##.## ...##
#..⌠..###..##
....######...##.@###
##.....#####..##.p.#
##....÷####..###...#
# ###....#...## ....#
#######†...### ...##
≈≈≈##÷.##### .###
≈≈≈..#.# .$ ≈≈≈≈####
#) #≈###


You could see an ironbound frostheart.

Vanquished Creatures
  An ironbound frostheart (IceCv)
  2 two-headed ogres (D:10)
  5 death yaks (IceCv)
  A deep troll (D:10)
  Pikel (D:4)
  An ice statue (IceCv)
  7 polar bears (IceCv)
  2 trolls
  2 slime creatures (D:8)
  A hornet (D:10)
  A wraith (D:9)
  33 yaks
  A basilisk (D:9)
  2 steam dragons
  Edmund (D:4)
  Menkaure (D:7)
  2 water moccasins (D:9)
  A black bear (D:6)
  Duvessa (D:7)
  4 orc warriors
  3 ice beasts
  13 wolves (IceCv)
  6 centaurs
  An ogre (D:5)
  3 lemures
  A phantom (D:7)
  A kobold brigand (D:10)
  3 bullfrogs
  2 necrophages
  A scorpion (D:4)
  3 gnoll sergeants
  6 wights (D:10)
  Dowan (D:7)
  4 killer bees (D:9)
  A howler monkey (D:5)
  7 orc priests
  Crazy Yiuf (D:7)
  4 hounds
  7 orc wizards
  2 iguanas (D:6)
  9 gnolls
  6 adders
  A shadow imp (D:7)
  12 white imps (D:11)
  2 ufetubi (D:5)
  4 worms
  4 dart slugs
  29 orcs
  3 bats
  7 endoplasms
  3 giant cockroaches
  9 goblins
  9 hobgoblins
  5 jackals (D:5)
  4 quokkas
  11 ball pythons
  4 frilled lizards
  13 kobolds
  6 rats
281 creatures vanquished.

Notes
Turn   | Place    | Note
-------+----------+-------------------------------------------
     0 | D:1      | raistware the Octopode Conjurer began the quest for the
                  | Orb.
     0 | D:1      | Reached XP level 1. HP: 11/11 MP: 3/3
   477 | D:1      | Found a faded altar of an unknown god.
   664 | D:1      | Reached XP level 2. HP: 17/17 MP: 1/5
  1482 | D:1      | Reached XP level 3. HP: 21/21 MP: 4/7
  2320 | D:2      | Reached XP level 4. HP: 27/27 MP: 7/9
  2325 | D:2      | Learned a level 4 spell: Iskenderun's Mystic Blast
  2826 | D:3      | Reached skill level 1 in Translocations
  2871 | D:3      | Reached XP level 5. HP: 18/31 MP: 3/11
  4078 | D:4      | Noticed a lemure
  4091 | D:4      | Noticed Pikel
  4105 | D:3      | Killed a lemure
  4291 | D:4      | Reached skill level 5 in Conjurations
  4576 | D:4      | Found a sacrificial altar of Ru.
  4623 | D:4      | Reached XP level 6. HP: 33/36 MP: 9/12
  5551 | D:4      | Noticed Edmund
  5574 | D:4      | Killed Edmund
  5575 | D:4      | Reached skill level 6 in Conjurations
  6021 | D:4      | Killed Pikel
  6022 | D:4      | Reached skill level 8 in Conjurations
  6022 | D:4      | Reached skill level 1 in Fighting
  6022 | D:4      | Reached XP level 7. HP: 33/43 MP: 13/13
  6022 | D:4      | Reached XP level 8. HP: 37/48 MP: 14/14
  6176 | D:5      | Entered Level 5 of the Dungeon
  6303 | D:5      | Noticed a yak
  6303 | D:5      | Noticed a yak
  6303 | D:5      | Noticed a yak
  6303 | D:5      | Noticed a yak
  6311 | D:5      | Killed a yak
  6316 | D:5      | Killed a yak
  6318 | D:5      | Killed a yak
  6327 | D:5      | Killed a yak
  6328 | D:5      | Reached skill level 5 in Spellcasting
  6328 | D:5      | Reached skill level 9 in Conjurations
  6835 | D:5      | Reached XP level 9. HP: 54/54 MP: 2/16
  7014 | D:5      | Learned a level 6 spell: Iron Shot
  7043 | D:5      | Found a staircase to the Ecumenical Temple.
  7052 | Temple   | Entered the Ecumenical Temple
  7052 | Temple   | Found a transporter.
  7052 | Temple   | Found a transporter.
  7054 | Temple   | Found a transporter.
  7054 | Temple   | Found a transporter.
  7138 | D:5      | Reached skill level 10 in Conjurations
  7334 | D:5      | Found a blossoming altar of Fedhas.
  7338 | D:5      | Found a glowing silver altar of Zin.
  7341 | D:5      | Found a white marble altar of Elyvilon.
  7729 | D:6      | Found a shimmering altar of Xom.
  8009 | D:6      | Reached skill level 1 in Earth Magic
  8123 | D:6      | Found a runed translucent gate.
  8123 | D:6      | Found a runed translucent gate.
  8123 | D:6      | Found a runed translucent gate.
  8123 | D:6      | Found an opulent altar of Gozag.
  8123 | D:6      | Noticed t4s4d4r's ghost (novice TrIE)
  8123 | D:6      | Noticed a two-headed ogre
  8744 | D:7      | Noticed Menkaure
  8746 | D:7      | Killed Menkaure
  8847 | D:7      | Learned a level 4 spell: Olgreb's Toxic Radiance
  8974 | D:7      | Reached skill level 1 in Poison Magic
  9016 | D:7      | Noticed Dowan
  9036 | D:7      | Noticed Duvessa
  9047 | D:7      | Killed Dowan
  9047 | D:7      | Killed Duvessa
  9134 | D:7      | Found a runed translucent door.
  9135 | D:7      | Noticed Crazy Yiuf
  9140 | D:7      | Killed Crazy Yiuf
  9535 | D:7      | Reached skill level 11 in Conjurations
  9697 | D:8      | Reached XP level 10. HP: 55/60 MP: 19/19
  9768 | D:8      | Reached skill level 1 in Evocations
 11380 | D:9      | Reached skill level 5 in Earth Magic
 11744 | D:9      | Learned a level 1 spell: Apportation
 11942 | D:9      | Found Qeops's Magic Scroll Shop.
 11961 | D:9      | Bought a scroll of amnesia for 64 gold pieces
 11961 | D:9      | Bought a scroll of noise for 16 gold pieces
 11961 | D:9      | Bought a scroll of fear for 64 gold pieces
 11961 | D:9      | Bought a scroll of poison for 64 gold pieces
 12413 | D:9      | Reached skill level 12 in Conjurations
 12419 | D:9      | Reached XP level 11. HP: 52/64 MP: 2/22
 12784 | D:10     | Entered Level 10 of the Dungeon
 12791 | D:10     | Noticed a two-headed ogre
 12811 | D:10     | Found a staircase to the Lair.
 13092 | D:10     | Noticed a deep troll
 13099 | D:10     | Killed a deep troll
 13522 | D:10     | Killed a two-headed ogre
 13676 | D:10     | Noticed a two-headed ogre
 13685 | D:10     | Killed a two-headed ogre
 13686 | D:10     | Reached skill level 1 in Staves
 13972 | D:10     | Found a glowing golden altar of the Shining One.
 14074 | D:10     | Found a radiant altar of Vehumet.
 14085 | D:10     | Became a worshipper of Vehumet
 14444 | D:11     | Identified a scroll of acquirement
 14445 | D:11     | Acquired 481 gold pieces
 14461 | D:11     | Found a frozen archway.
 14474 | D:11     | Reached * piety under Vehumet
 14474 | D:11     | Offered knowledge of Sandblast by Vehumet.
 14730 | IceCv    | Entered an ice cave
 15088 | IceCv    | Reached skill level 13 in Conjurations
 15769 | IceCv    | Reached skill level 14 in Conjurations
 15771 | IceCv    | Reached XP level 12. HP: 65/70 MP: 11/24
 15801 | IceCv    | Noticed a death yak
 15802 | IceCv    | Reached ** piety under Vehumet
 15802 | IceCv    | Offered knowledge of Foxfire by Vehumet.
 15803 | IceCv    | Noticed a death yak
 15890 | IceCv    | Killed a death yak
 16008 | IceCv    | Killed a death yak
 16314 | IceCv    | Noticed a death yak
 16314 | IceCv    | Noticed a death yak
 16314 | IceCv    | Noticed an ironbound frostheart
 16314 | IceCv    | Noticed an ironbound frostheart
 16314 | IceCv    | Noticed a death yak
 16710 | IceCv    | Killed a death yak
 17072 | IceCv    | Killed an ironbound frostheart
 17186 | IceCv    | Killed a death yak
 17700 | IceCv    | Killed a death yak
 17776 | IceCv    | Mangled by an ironbound frostheart

Illustrated notes

Levels and vault maps discovered:
D:1:      wander_arrival_lonely_grave, layout_loops_corners,
          shapermc_ecumenical_altar_flowoftime, kennysheep_crisscross
D:2:      layout_rooms, serial_glass, glass_columns_c, glass_columns_a,
          glass_columns_a, glass_columns_c, glass_columns_a, glass_columns_a,
          glass_columns_b, glass_columns_c, glass_columns_c, glass_columns_c,
          feat_on_display, minmay_strange_pillars
D:3:      layout_basic, kennysheep_generic_room_14
D:4:      layout_basic, nicolae_ru_great_annihilating_truth, minmay_hedge_maze,
          uniq_pikel, uniq_edmund
D:5:      minmay_spotlight, layout_basic, minmay_overflow_temple_star_quad,
          minmay_temple_entry_hall
D:6:      layout_loops_ring, mainiacjoe_overflow_concentric_impassable,
          ebering_ghost_gozag, chequers_serial_rivers_small_a
D:7:      layout_gridville, uniq_duvessa, uniq_crazy_yiuf_cottage, uniq_menkaure
D:8:      layout_cave_pods
D:9:      layout_long_grid, serial_shops, nicolae_shop_statue_plus
D:10:     dreamdust_cave_troll, layout_grid_maze, vehumet_altar_wand_db,
          lemuel_doored_altar, lair_entry_dummy
D:11:     layout_loops_ring, gauntlet_entry_generic, serial_shops, shop_coins,
          portal_ice_cave_entry_imps, uniq_gastronok
Temple:   hellmonk_temple_divided_pantheon
IceCv:    ice_cave_caverns_01

Skill      XL: |  1  2  3  4  5  6  7  8  9 10 11 12 |
---------------+-------------------------------------+-----
Spellcasting   | 3 4 5 6 7 8 9 |  9.0
Translocations | 1 2 |  2.0
Conjurations   | 5 8 9 11 12 14 | 14.9
Stealth        | 3 4 |  4.0
Fighting       | 1 2 |  2.0
Dodging        | 3 4 |  4.0
Earth Magic    | 4 6 8 9 |  9.0
Poison Magic   | 2 |  2.0
Evocations     | 2 |  2.0
Staves         | 2 |  2.0

Action                   |  1- 3 |  4- 6 |  7- 9 | 10-12 || total
-------------------------+-------+-------+-------+-------++-------
Melee: Unarmed           |     6 |    50 |       |       ||    56
       Tentacles         |     4 |    15 |    24 |    44 ||    87
       Constrict         |     1 |     9 |    23 |    24 ||    57
       Flail             |       |     3 |    80 |    23 ||   106
       Punch             |       |     1 |     3 |     1 ||     5
       Trident           |       |       |       |   194 ||   194
Throw: Throwing net      |       |       |       |     5 ||     5
       Javelin           |       |       |       |     1 ||     1
 Cast: Magic Dart        |    76 |   129 |    70 |    92 ||   367
       Iskenderun's Myst |       |     4 |    15 |    55 ||    74
       Olgreb's Toxic Ra |       |       |     1 |    18 ||    19
       Iron Shot         |       |       |       |    54 ||    54
       Apportation       |       |       |       |     1 ||     1
Evoke: Wand              |       |       |     1 |    32 ||    33
  Use: Potion            |       |     4 |     1 |       ||     5
       Scroll            |       |     7 |     3 |    11 ||    21
 Stab: Paralysed         |       |     2 |       |       ||     2
       Distracted        |       |       |     1 |       ||     1
       Sleeping          |       |       |       |     1 ||     1
       Held in net/web   |       |       |       |     1 ||     1
Armor: Skin              |       |    17 |    17 |    49 ||    83
Dodge: Dodged            |     3 |    33 |    87 |   192 ||   315
